[Event "December 19 Early 2023"]
[Site "https://www.chess.com"]
[Date "2023.12.19"]
[Round "6"]
[White "Ovetchkin, Roman"]
[Black "Kukhmazov, Arsen"]
[Result "0-1"]
[Board "38"]
[TimeControl "180+1"]
[WhiteFideId "4119991"]
[BlackFideId "24108260"]
[WhiteElo "2381"]
[BlackElo "2397"]
[WhiteTeam "RUS"]
[BlackTeam "FID"]
[WhiteClock "0:00:00"]
[BlackClock "0:00:07"]

1. d4 d5 2. c4 c6 3. Nf3 Nf6 4. Qc2 g6 5. Bf4 Bg7 6. e3 O-O 7. Nc3 c5 8. dxc5 Qa5 9. Qa4 Qxc5 10. Qb5 Qxb5 11. cxb5 a6 12. Rd1 axb5 13. Bxb5 Nc6 14. O-O Rd8 15. Ne5 Na7 16. Ba4 e6 17. h3 Nd7 18. Nd3 Nc6 19. Bc7 Re8 20. Bb3 Nde5 21. Nxe5 Nxe5 22. Nb5 Bd7 23. Nd4 Rec8 24. Bd6 Nc4 25. Bxc4 Rxc4 26. a3 Rac8 27. Bb4 e5 28. Nf3 Bc6 29. Rd2 f6 30. Rfd1 Kf7 31. b3 Re4 32. Rc2 Rd8 33. Nd2 Rh4 34. Nf1 d4 35. Rcd2 f5 36. Bc5 d3 37. f3 e4 38. f4 Rh5 39. Kh2 Bf6 40. g3 Rh6 41. Rc1 g5 42. Rf2 gxf4 43. exf4 Rg6 44. Ne3 Ke6 45. Rg1 Rdg8 46. g4 R6g7 47. Nxf5 Rd7 48. Be3 Kf7 49. Rd2 Bd5 50. b4 Rc8 51. Rgg2 Rc3 52. g5 Bh8 53. Nh6+ Kg7 54. f5 Kf8 55. f6 Rxa3 56. Bc5+ Ke8 57. Rgf2 Rc3 58. Rf5 Kd8 59. Re5 Kc7 60. Re7 e3 61. Bxe3 Rxe7 62. fxe7 Kd7 63. Bc5 b6 64. Bxb6 Rc2 65. Be3 Kxe7 66. Kg3 Be4 67. Ng4 Bc3 68. Rf2 Rxf2 69. Kxf2 Bf5 70. Nh2 Bxb4 71. Nf3 Bxh3 72. Bd2 Bc5+ 73. Be3 Bd6 74. Ke1 Bg4 75. Nd4 Bb4+ 76. Kf2 d2 77. Nc6+ Kd6 78. Bxd2 Bxd2 79. Nd4 Bxg5 80. Nb5+ Ke5 81. Nc3 h5 82. Kg3 Kf5 0-1

[Event "December 19 Early 2023"]
[Site "https://www.chess.com"]
[Date "2023.12.19"]
[Round "6"]
[White "Puzzlebot_1294"]
[Black "Bernadskiy, Vitaliy"]
[Result "0-1"]
[Board "39"]
[TimeControl "180+1"]
[BlackFideId "14100371"]
[WhiteElo "2658"]
[BlackElo "2494"]
[BlackTeam "UKR"]
[WhiteClock "0:00:00"]
[BlackClock "0:00:31"]

1. d4 Nf6 2. Bf4 c6 3. e3 Qb6 4. Nd2 Qxb2 5. Bd3 Qc3 6. Nf3 Qa5 7. O-O Qd8 8. e4 d5 9. e5 Nh5 10. Be3 g6 11. c3 Ng7 12. Qe2 Bf5 13. Rab1 Bxd3 14. Qxd3 b5 15. a4 a6 16. Nb3 Nd7 17. Bg5 Ne6 18. axb5 axb5 19. Ra1 Bg7 20. Rxa8 Qxa8 21. Ra1 Qc8 22. Ra7 h6 23. Bh4 Qb8 24. Ra6 Qb7 25. Ra2 Nb6 26. Na5 Qc7 27. Qb1 O-O 28. Nb3 Na4 29. Qc2 Ra8 30. Bg3 Qc8 31. Nfd2 Bf8 32. Nb1 Nb6 33. f4 Ng7 34. Bf2 Ra4 35. Nc5 Rxa2 36. Qxa2 Qg4 37. Qd2 Nc4 38. Qc1 e6 39. Nd7 Be7 40. g3 Qe2 41. Nb8 Na5 42. Nd2 Nf5 43. Qa1 Bd8 44. Nf1 Qc4 45. Na6 Bb6 46. Qa3 Nb3 47. Qb2 Ba5 48. Nb4 Bxb4 49. cxb4 Nbxd4 50. Nd2 Qd3 51. Kg2 Qe2 52. Nf1 Qxb2 0-1

[Event "December 19 Early 2023"]
[Site "https://www.chess.com"]
[Date "2023.12.19"]
[Round "6"]
[White "Materia, Marco"]
[Black "Kononenko, Dmitry"]
[Result "1-0"]
[Board "40"]
[TimeControl "180+1"]
[WhiteFideId "45150451"]
[BlackFideId "14113538"]
[WhiteElo "2451"]
[BlackElo "2168"]
[WhiteTeam "FRA"]
[BlackTeam "UKR"]
[WhiteClock "0:00:24"]
[BlackClock "0:00:00"]

1. d4 d5 2. c4 c6 3. Nf3 Nf6 4. Nc3 e6 5. e3 Nbd7 6. Bd3 dxc4 7. Bxc4 b5 8. Bd3 a6 9. O-O c5 10. a4 b4 11. Ne2 Bb7 12. Ng3 Be7 13. b3 cxd4 14. Nxd4 Nc5 15. Bc4 O-O 16. Bb2 Nd5 17. Rc1 Bf6 18. Nh5 Nc3 19. Bxc3 bxc3 20. Nxf6+ gxf6 21. Rxc3 Kh8 22. Qh5 Ne4 23. Rd3 Qe7 24. f3 Nd6 25. Rc3 Rg8 26. Bd3 f5 27. Rfc1 Rg5 28. Qh3 Rag8 29. Bf1 Qf6 30. Rc7 e5 31. Nc6 Ba8 32. f4 R5g6 33. fxe5 Qe6 34. exd6 Rh6 35. Qf3 Qxd6 36. Qf4 Qd2 37. Qxh6 Qxc1 38. Rxf7 Rxg2+ 39. Kxg2 Bxc6+ 40. Kg3 Qe1+ 41. Kf4 Qf2+ 42. Ke5 Qb2+ 43. Kd6 Qd2+ 44. Kxc6 Qc3+ 45. Bc4 1-0

[Event "December 19 Early 2023"]
[Site "https://www.chess.com"]
[Date "2023.12.19"]
[Round "6"]
[White "Vakhlamov, Igor L."]
[Black "Kokoszczynski, Jan"]
[Result "1-0"]
[Board "41"]
[TimeControl "180+1"]
[WhiteFideId "24126748"]
[BlackFideId "1174460"]
[WhiteElo "2407"]
[BlackElo "2266"]
[WhiteTeam "RUS"]
[BlackTeam "POL"]
[WhiteClock "0:00:16"]
[BlackClock "0:00:00"]

1. e4 c5 2. Nf3 d6 3. Nc3 Nf6 4. d4 cxd4 5. Qxd4 g6 6. e5 Nc6 7. Bb5 dxe5 8. Qxd8+ Kxd8 9. Bxc6 bxc6 10. Nxe5 Ke8 11. Bd2 Bg7 12. O-O-O Nd5 13. Nxc6 Be6 14. Nxd5 Bxd5 15. Nxe7 Be6 16. Bb4 a5 17. Ba3 Bxa2 18. Nd5 Bh6+ 19. Ne3 Bxe3+ 20. fxe3 Be6 21. Rd6 h5 22. h4 Bg4 23. Rf1 a4 24. Rf4 Be6 25. Rfd4 Ke7 26. Rd8+ Kf6 27. Rxh8 Rxh8 28. Rxa4 Rd8 29. Rf4+ Ke5 30. Bb4 Bg4 31. Bc3+ Ke6 32. Bd4 f5 33. b3 Be2 34. c4 Rb8 35. Kc2 Ra8 36. Rf2 Bg4 37. Kc3 g5 38. hxg5 h4 39. g6 Rg8 40. g7 Kf7 41. e4 Kg6 42. exf5+ Bxf5 43. b4 Re8 44. b5 Bg4 45. Rf8 1-0

[Event "December 19 Early 2023"]
[Site "https://www.chess.com"]
[Date "2023.12.19"]
[Round "6"]
[White "Taboas Rodriguez, Daniel"]
[Black "Rustemov, Alexander"]
[Result "1-0"]
[Board "42"]
[TimeControl "180+1"]
[WhiteFideId "2208466"]
[BlackFideId "4119002"]
[WhiteElo "2365"]
[BlackElo "2789"]
[WhiteTeam "ESP"]
[BlackTeam "RUS"]
[WhiteClock "0:00:26"]
[BlackClock "0:00:31"]

1. d4 d5 2. Nf3 Nf6 3. c4 dxc4 4. e3 e6 5. Bxc4 c5 6. O-O cxd4 7. exd4 Be7 8. Nc3 O-O 9. Bg5 Nc6 10. Re1 h6 11. Be3 b6 12. Qd2 Bb7 13. Rad1 Na5 14. Be2 Ne4 15. Nxe4 Bxe4 16. Ne5 Rc8 17. Bxh6 gxh6 18. Qxh6 Bf6 19. Ba6 Bg7 20. Qh5 Bc2 21. Rc1 Rc7 22. Rxc2 Rxc2 23. Bd3 f5 24. Bxc2 Qxd4 25. Qg6 Rf6 26. Qe8+ Kh7 27. Nd7 Rg6 28. Rxe6 Qxb2 29. Qxg6+ 1-0

[Event "December 19 Early 2023"]
[Site "https://www.chess.com"]
[Date "2023.12.19"]
[Round "6"]
[White "Kavyev, Ruslan"]
[Black "Samunenkov, Ihor"]
[Result "0-1"]
[Board "43"]
[TimeControl "180+1"]
[WhiteFideId "34110981"]
[BlackFideId "14187086"]
[WhiteElo "2336"]
[BlackElo "2473"]
[WhiteTeam "RUS"]
[BlackTeam "UKR"]
[WhiteClock "0:00:03"]
[BlackClock "0:00:10"]

1. d4 Nf6 2. c4 e6 3. g3 d5 4. Bg2 dxc4 5. Nf3 c6 6. O-O b5 7. Ne5 Bb7 8. Nc3 a6 9. b3 cxb3 10. axb3 Be7 11. Bg5 O-O 12. Bxf6 gxf6 13. Ng4 Nd7 14. Qc1 f5 15. Ne5 Nxe5 16. dxe5 Qd4 17. e4 Qxe5 18. exf5 Bf6 19. Ne4 Qxa1 20. Qh6 Bg7 21. Qh4 Qe5 22. f6 Kh8 23. fxg7+ Kxg7 24. f4 Qd4+ 25. Kh1 c5 26. Re1 Rad8 27. Qg5+ Kh8 28. Nxc5 Bxg2+ 29. Kxg2 Qd5+ 30. Kh3 Qxg5 31. fxg5 a5 32. Nb7 Ra8 33. Ra1 a4 34. bxa4 bxa4 35. Ra3 Kg7 36. Nc5 Ra5 37. Ne4 Rb8 38. Nd2 Rb4 39. g4 Rxg5 40. Nf3 Rgxg4 41. Nd2 Rgd4 42. Nf3 Rd5 43. Kg3 Rb3 44. Rxa4 Rf5 45. Rg4+ Kf8 46. Rf4 Rxf4 47. Kxf4 Rxf3+ 48. Kxf3 f5 49. Kf4 Kf7 50. h4 Kf6 51. h5 e5+ 0-1

[Event "December 19 Early 2023"]
[Site "https://www.chess.com"]
[Date "2023.12.19"]
[Round "6"]
[White "Matinian, Nikita"]
[Black "Vlassov, Nikolai"]
[Result "1-0"]
[Board "44"]
[TimeControl "180+1"]
[WhiteFideId "24129100"]
[BlackFideId "4103360"]
[WhiteElo "2417"]
[BlackElo "2351"]
[WhiteTeam "FID"]
[BlackTeam "FID"]
[WhiteClock "0:00:08"]
[BlackClock "0:00:08"]

1. e4 Nc6 2. Nc3 Nf6 3. d4 d5 4. e5 Nd7 5. f4 Nb6 6. Nge2 Bg4 7. h3 Bxe2 8. Bxe2 e6 9. O-O Bb4 10. f5 Qh4 11. fxe6 fxe6 12. Bh5+ g6 13. Bg4 Qe7 14. Ne2 Qd7 15. Rf6 Nd8 16. Nf4 Be7 17. Nxe6 Bxf6 18. Nc5 Qc6 19. exf6 O-O 20. Bg5 Nf7 21. Bh4 Rae8 22. Qd3 g5 23. Bg3 Qxf6 24. Rf1 Qg7 25. Ne6 Qg6 26. Qxg6+ hxg6 27. Rf6 Nd6 28. Rxg6+ Kh7 29. Nxf8+ Rxf8 30. Rxg5 Ne4 31. Rh5+ Kg6 32. Bxc7 Nc4 33. Rxd5 Ne3 34. Re5 Rf1+ 35. Kh2 Nxg4+ 36. hxg4 Nf2 37. Kg3 Nh1+ 38. Kh4 Nf2 39. Rg5+ Kf7 40. Rf5+ Kg6 41. Be5 Rh1+ 42. Kg3 Ne4+ 43. Kf4 Nd2 44. Rf6+ Kh7 45. g5 Nc4 46. g6+ Kh6 47. g7+ Kxg7 48. Rd6+ Kf7 49. Rd7+ Ke6 50. Rxb7 Rf1+ 51. Ke4 Rf2 52. Kd3 Nxe5+ 53. dxe5 Rxg2 54. Rxa7 Kxe5 55. Ra5+ Kd6 56. a4 Kc6 57. Rb5 Rg3+ 58. Kc4 Rg4+ 59. Kb3 Rg1 60. c3 Ra1 61. Rg5 Kb6 62. Kb4 Ka6 63. Rg6+ Ka7 64. b3 Re1 65. c4 Re6 66. Rxe6 1-0

[Event "December 19 Early 2023"]
[Site "https://www.chess.com"]
[Date "2023.12.19"]
[Round "6"]
[White "IM_ArthurDW08"]
[Black "Ozates, Tuna"]
[Result "1-0"]
[Board "45"]
[TimeControl "180+1"]
[BlackFideId "6354521"]
[WhiteElo "2763"]
[BlackElo "2151"]
[BlackTeam "TUR"]
[WhiteClock "0:00:17"]
[BlackClock "0:00:00"]

1. e4 e5 2. Nf3 Nc6 3. Bb5 g6 4. O-O Bg7 5. c3 d6 6. d4 Bd7 7. Re1 Nge7 8. d5 Nb8 9. Bxd7+ Nxd7 10. c4 O-O 11. Nc3 h6 12. b4 a5 13. bxa5 Rxa5 14. Bd2 f5 15. Rb1 b6 16. Qc2 f4 17. h3 g5 18. Nh2 h5 19. f3 Nf6 20. Nb5 Ra6 21. Qd3 Ra8 22. a4 Rxa4 23. Ra1 Rxa1 24. Rxa1 Qd7 25. Ra7 Rc8 26. Bb4 Qd8 27. c5 dxc5 28. Bc3 Ne8 29. Nf1 Nd6 30. Nd2 Nxb5 31. Qxb5 c6 32. dxc6 Nxc6 33. Qc4+ Kh8 34. Rb7 Na5 35. Bxa5 bxa5 36. Qf7 Qf6 37. Qxh5+ Qh6 38. Qg4 Rd8 39. Nc4 Qh4 40. Qxh4+ gxh4 41. Nxa5 Rd1+ 42. Kf2 Rd2+ 43. Kf1 Bf6 44. Nc4 Rc2 45. Nd6 c4 46. Rc7 c3 47. Nb5 Rc1+ 48. Kf2 Rc2+ 49. Kf1 Rc1+ 50. Kf2 Rc2+ 51. Kg1 Rc1+ 52. Kh2 c2 53. Na3 Kg8 54. Rxc2 Ra1 55. Nc4 Bg7 56. Nd6 Bf8 57. Nf5 Bb4 58. Nxh4 Be1 59. Nf5 Kf8 60. h4 Kg8 61. Kh3 Bb4 62. Kg4 Rh1 63. Rc8+ Kh7 64. Rc7+ Kg6 65. h5+ Kf6 66. Rc6+ Kf7 67. h6 Bf8 68. Nh4 1-0

[Event "December 19 Early 2023"]
[Site "https://www.chess.com"]
[Date "2023.12.19"]
[Round "6"]
[White "Maurizzi, Marc`Andria"]
[Black "Stepanencu, Nicodim-Cosmin"]
[Result "1/2-1/2"]
[Board "46"]
[TimeControl "180+1"]
[WhiteFideId "36083534"]
[BlackFideId "1256220"]
[WhiteElo "2417"]
[BlackElo "2154"]
[WhiteTeam "FRA"]
[BlackTeam "ROU"]
[WhiteClock "0:02:24"]
[BlackClock "0:01:52"]

1. d4 Nf6 2. Nc3 d6 3. e4 g6 4. Bg5 Bg7 5. e5 Nfd7 6. f4 c6 7. Nf3 Qb6 8. Rb1 f6 9. exf6 exf6 10. Bh4 O-O 11. Bd3 Re8+ 12. Ne2 Nf8 13. O-O f5 14. c3 Be6 15. Nd2 1/2-1/2

[Event "December 19 Early 2023"]
[Site "https://www.chess.com"]
[Date "2023.12.19"]
[Round "6"]
[White "Teterev, Vitaly"]
[Black "Pakleza, Zbigniew"]
[Result "0-1"]
[Board "47"]
[TimeControl "180+1"]
[WhiteFideId "13501429"]
[BlackFideId "1119290"]
[WhiteElo "2299"]
[BlackElo "2410"]
[WhiteTeam "BLR"]
[BlackTeam "POL"]
[WhiteClock "0:00:00"]
[BlackClock "0:01:04"]

1. e4 d6 2. d4 Nf6 3. Bd3 e5 4. c3 d5 5. dxe5 dxe4 6. Bb5+ c6 7. Qxd8+ Kxd8 8. Bc4 Ng4 9. f4 Bc5 10. Nh3 f6 11. Nd2 Ne3 12. Nxe4 Nxg2+ 13. Ke2 Bg4+ 14. Kd3 Bf5 15. Bd2 Kc7 16. Rae1 Bb6 17. Kc2 Nxe1+ 18. Rxe1 Bxh3 19. exf6 gxf6 20. f5 Bxf5 21. Bf4+ Kc8 22. Kb3 Bxe4 0-1

[Event "December 19 Early 2023"]
[Site "https://www.chess.com"]
[Date "2023.12.19"]
[Round "6"]
[White "Sharapov, Evgeny"]
[Black "Srihari L R"]
[Result "1-0"]
[Board "48"]
[TimeControl "180+1"]
[WhiteFideId "14103133"]
[BlackFideId "46617116"]
[WhiteElo "2358"]
[BlackElo "2338"]
[WhiteTeam "UKR"]
[BlackTeam "IND"]
[WhiteClock "0:00:40"]
[BlackClock "0:00:00"]

1. e4 c5 2. Nf3 Nc6 3. d4 cxd4 4. Nxd4 Nf6 5. Nc3 d6 6. Bg5 e6 7. Qd2 Be7 8. O-O-O a6 9. f4 Qc7 10. Kb1 Bd7 11. h4 h6 12. Bxf6 Bxf6 13. Nf3 Be7 14. g4 b5 15. Bd3 Na5 16. g5 Nc4 17. Qe2 Rc8 18. gxh6 Rxh6 19. Rdg1 Nxb2 20. Kxb2 Qxc3+ 21. Kc1 d5 22. exd5 Qa1+ 23. Kd2 Bb4+ 24. Ke3 Bc5+ 25. Kd2 Bxg1 26. Rxg1 Qc3+ 27. Kd1 Kf8 28. Qg2 g6 29. Ne5 Be8 30. dxe6 Qa1+ 31. Ke2 Qxa2 32. Qg5 Rxc2+ 33. Ke3 1-0

[Event "December 19 Early 2023"]
[Site "https://www.chess.com"]
[Date "2023.12.19"]
[Round "6"]
[White "Krzyzanowski, Marcin"]
[Black "Lopusiewicz, Piotr"]
[Result "1-0"]
[Board "49"]
[TimeControl "180+1"]
[WhiteFideId "1132199"]
[BlackFideId "1116029"]
[WhiteElo "2471"]
[BlackElo "2286"]
[WhiteTeam "POL"]
[BlackTeam "POL"]
[WhiteClock "0:00:23"]
[BlackClock "0:00:00"]

1. Nf3 Nf6 2. g3 c5 3. Bg2 Nc6 4. O-O e5 5. d3 d5 6. Nbd2 Be7 7. e4 d4 8. Nc4 Nd7 9. a4 O-O 10. Ne1 Nb6 11. b3 Nxc4 12. bxc4 Qc7 13. f4 exf4 14. gxf4 f5 15. e5 Be6 16. Nf3 Kh8 17. Qe1 Rg8 18. Qg3 Nb4 19. Rf2 g6 20. Ng5 Bxg5 21. Qxg5 Raf8 22. a5 Kg7 23. h4 h6 24. Qg3 Kh7 25. Kh2 a6 26. Qf3 Rf7 27. Qd1 Bd7 28. Bd2 Nc6 29. Qf3 Nd8 30. Qd5 Bc6 31. Qxc5 Ne6 32. Qd6 Qxd6 33. exd6 Bxg2 34. Kxg2 Rd7 35. Bb4 g5 36. fxg5 hxg5 37. hxg5 Rxg5+ 38. Kf3 Rdg7 39. Rh1+ Kg8 40. Ke2 f4 41. Rh6 Re5+ 42. Kd2 Rg1 43. Rxe6 Rxe6 44. d7 1-0

[Event "December 19 Early 2023"]
[Site "https://www.chess.com"]
[Date "2023.12.19"]
[Round "6"]
[White "Nilsson, Joakim"]
[Black "Koellner, Ruben Gideon"]
[Result "0-1"]
[Board "50"]
[TimeControl "180+1"]
[WhiteFideId "1723383"]
[BlackFideId "12993093"]
[WhiteElo "2143"]
[BlackElo "2347"]
[WhiteTeam "SWE"]
[BlackTeam "GER"]
[WhiteClock "0:00:36"]
[BlackClock "0:00:12"]

1. d4 d6 2. Nf3 Nf6 3. c3 Nbd7 4. Bg5 e5 5. Nbd2 Be7 6. e4 h6 7. Bh4 exd4 8. Nxd4 Nxe4 9. Nxe4 Bxh4 10. Qh5 O-O 11. Bd3 Nf6 12. Nxf6+ Bxf6 13. O-O-O Bxd4 14. cxd4 Qg5+ 15. Qxg5 hxg5 16. Rhe1 Be6 17. Kb1 c6 18. Re3 Rfe8 19. Rg3 f6 20. Bg6 Bf7 21. Bc2 Re2 22. Re3 Re8 23. Rxe8+ Bxe8 24. Rf1 Rd2 25. d5 c5 26. Kc1 Rd4 27. Re1 Kf8 28. Re6 Rxd5 29. Bb3 Rd4 30. Re3 Bf7 31. Bc2 d5 32. Rb3 b6 33. Ra3 a5 34. Rb3 Rb4 35. Re3 d4 36. Re1 Bxa2 37. b3 Bxb3 38. Bg6 Bf7 39. Bf5 g6 0-1

[Event "December 19 Early 2023"]
[Site "https://www.chess.com"]
[Date "2023.12.19"]
[Round "6"]
[White "Begunov, Konstantin"]
[Black "JonaszBaum"]
[Result "0-1"]
[Board "51"]
[TimeControl "180+1"]
[WhiteFideId "4118510"]
[WhiteElo "2082"]
[BlackElo "2697"]
[WhiteTeam "RUS"]
[WhiteClock "0:00:00"]
[BlackClock "0:00:04"]

1. d4 e6 2. c4 b6 3. Nc3 Bb7 4. a3 Nf6 5. Bg5 Be7 6. Nf3 h6 7. Bh4 d5 8. e3 O-O 9. cxd5 Nxd5 10. Bxe7 Qxe7 11. Rc1 c5 12. dxc5 bxc5 13. Be2 Nd7 14. O-O Rab8 15. Qc2 Rfc8 16. Rfd1 c4 17. Nd4 Nxc3 18. Qxc3 Nb6 19. Qa5 Qg5 20. Qxg5 hxg5 21. Nb5 Ba6 22. Nd6 Rc6 23. b3 Rd8 24. Nxc4 Rxd1+ 25. Rxd1 Nxc4 26. Rc1 Nxa3 27. Rxc6 Bxe2 28. Rc8+ Kh7 29. Rc7 a6 30. Rxf7 Kg6 31. Rb7 Bb5 32. f3 Nb1 33. Kf2 Nd2 34. b4 Nb3 35. Rc7 Kf6 36. Rc3 Ba4 37. Ke2 e5 38. Kd3 Ke6 39. Kc4 Nd2+ 40. Kd3 Nf1 41. h3 Bb5+ 42. Kc2 e4 43. fxe4 Ng3 44. Rc7 g6 45. Kc3 Ke5 46. Re7+ Kf6 47. Ra7 Ne2+ 48. Kd2 Ng3 49. Kc3 Nxe4+ 50. Kd4 Ng3 51. e4 Ne2+ 52. Kd5 Nc3+ 53. Kd4 Ne2+ 54. Kd5 Nf4+ 55. Kd6 Nd3 56. g4 Ne5 57. Ra8 Nf7+ 58. Kd5 Bf1 59. Ra7 Bxh3 60. Rxa6+ Kg7 61. e5 Bxg4 62. Ra7 Kf8 63. e6 Nh6 64. Kd6 Nf5+ 65. Kd7 Nd4 66. Ra8+ Kg7 0-1

[Event "December 19 Early 2023"]
[Site "https://www.chess.com"]
[Date "2023.12.19"]
[Round "6"]
[White "Miszler, Levente"]
[Black "Agibileg, Uurtsaikh"]
[Result "0-1"]
[Board "52"]
[TimeControl "180+1"]
[WhiteFideId "763276"]
[BlackFideId "4901606"]
[WhiteElo "2186"]
[BlackElo "2288"]
[WhiteTeam "HUN"]
[BlackTeam "MGL"]
[WhiteClock "0:00:49"]
[BlackClock "0:01:01"]

1. d4 Nf6 2. Nf3 e6 3. c4 c5 4. Nc3 cxd4 5. Nxd4 b6 6. e4 d6 7. Be3 Bb7 8. f3 Be7 9. Be2 a6 10. O-O Qc7 11. Rc1 Nbd7 12. b3 O-O 13. Qd2 Rac8 14. Rfd1 Rfd8 15. Bf1 Qb8 16. Qf2 Ne5 17. Nde2 b5 18. cxb5 axb5 19. Nxb5 Rxc1 20. Nxc1 d5 21. Bf4 dxe4 22. Rxd8+ Bxd8 23. Qd4 Nfd7 24. Nd6 Bb6 25. Qxb6 Nxb6 26. Bxe5 Nd7 27. Bg3 exf3 28. gxf3 Bxf3 29. a4 Nc5 30. Nb5 Qb7 31. a5 Ne4 32. Be5 Qc6 33. Na2 Qc5+ 34. Bd4 Qg5+ 0-1

[Event "December 19 Early 2023"]
[Site "https://www.chess.com"]
[Date "2023.12.19"]
[Round "6"]
[White "Pranav, V"]
[Black "Sipila, Vilka"]
[Result "1-0"]
[Board "53"]
[TimeControl "180+1"]
[WhiteFideId "25060783"]
[BlackFideId "505455"]
[WhiteElo "2562"]
[BlackElo "2343"]
[WhiteTeam "IND"]
[BlackTeam "FIN"]
[WhiteClock "0:00:57"]
[BlackClock "0:00:12"]

1. e4 d5 2. exd5 Qxd5 3. Nc3 Qe5+ 4. Be2 Bg4 5. d4 Bxe2 6. Ngxe2 Qa5 7. O-O Nf6 8. Nf4 Nbd7 9. Re1 O-O-O 10. Bd2 Qf5 11. Nd3 Nb6 12. a4 Rxd4 13. a5 Nc4 14. a6 b6 15. b3 Nxd2 16. Qxd2 e6 17. Qe2 Bd6 18. h3 g5 19. Qe3 Rd8 20. Rad1 g4 21. h4 Qa5 22. Ne2 Re4 23. Qh6 Nh5 24. Qxh7 Nf6 25. Qxf7 Qf5 26. Ng3 Bxg3 27. fxg3 Rd7 28. Qf8+ Rd8 29. Qh6 1-0

[Event "December 19 Early 2023"]
[Site "https://www.chess.com"]
[Date "2023.12.19"]
[Round "6"]
[White "Shimanov, Aleksandr"]
[Black "Thorfinnsson, Bragi"]
[Result "1/2-1/2"]
[Board "54"]
[TimeControl "180+1"]
[WhiteFideId "4198603"]
[BlackFideId "2300958"]
[WhiteElo "2611"]
[BlackElo "2325"]
[WhiteTeam "RUS"]
[BlackTeam "ISL"]
[WhiteClock "0:00:02"]
[BlackClock "0:00:03"]

1. d4 Nf6 2. Bg5 d5 3. Nd2 Nbd7 4. Ngf3 h6 5. Bh4 e6 6. e3 Be7 7. Bd3 b6 8. Ne5 Nxe5 9. dxe5 Nd7 10. Bg3 Bb7 11. O-O Nc5 12. Bb5+ Kf8 13. Qe2 Bh4 14. f4 Bxg3 15. hxg3 g6 16. g4 h5 17. gxh5 Rxh5 18. Nf3 Ne4 19. Qe1 Kg7 20. Nd2 Qe7 21. Nxe4 dxe4 22. c3 Rah8 23. Qg3 Rd8 24. Rad1 Rhh8 25. Rxd8 Rxd8 26. f5 exf5 27. Rxf5 Rd1+ 28. Kh2 Qd8 29. Rf4 Bd5 30. Be2 Rd2 31. Bg4 Qe7 32. Bh3 Be6 33. Bxe6 Qxe6 34. Rf6 Qe8 35. Qf4 Qh8+ 36. Kg3 Rd7 37. e6 fxe6 38. Rxe6 Qd8 39. Qe5+ Kf7 40. Rc6 Re7 41. Qf6+ Ke8 42. Qxg6+ Kd7 43. Rf6 Kc8 44. Qf5+ Kb8 45. Rf8 Re8 46. Rxe8 Qxe8 47. Kf4 Qa4 48. Qxe4 Qxa2 49. b4 Qf2+ 50. Qf3 Qc2 51. Qc6 Qf2+ 52. Qf3 Qc2 53. e4 Qc1+ 54. Qe3 Qf1+ 55. Kg3 Qc4 56. e5 a5 57. e6 a4 58. e7 Qg8+ 59. Kf4 Qe8 60. c4 a3 61. Qxa3 Qxe7 62. Qc3 Qf8+ 63. Kg3 Qg8+ 64. Kf2 Qf7+ 65. Kg1 Qg6 66. c5 Qb1+ 67. Kf2 Qf5+ 68. Kg3 Qg6+ 69. Kf3 Qf5+ 70. Kg3 Qg6+ 71. Kh2 Qh7+ 72. Qh3 Qc2 73. cxb6 cxb6 74. Qg3+ Kb7 75. Qf4 Qh7+ 76. Kg3 Qg6+ 77. Kf3 Qh5+ 78. Qg4 Qf7+ 79. Qf4 Qb3+ 80. Kg4 b5 81. Kh4 Qc4 82. Kg5 Qg8+ 83. Kf6 Qxg2 84. Ke6 Qc6+ 85. Qd6 Qc4+ 86. Kd7 Qc8+ 87. Ke7 Qc4 88. Kd8 Qc8+ 89. Ke7 Qc4 90. Qd2 Kc6 91. Qd6+ Kb7 1/2-1/2

[Event "December 19 Early 2023"]
[Site "https://www.chess.com"]
[Date "2023.12.19"]
[Round "6"]
[White "Paravyan, David"]
[Black "Weishaeutel, Moritz"]
[Result "1-0"]
[Board "55"]
[TimeControl "180+1"]
[WhiteFideId "4194985"]
[BlackFideId "12967300"]
[WhiteElo "2566"]
[BlackElo "2321"]
[WhiteTeam "FID"]
[BlackTeam "GER"]
[WhiteClock "0:01:21"]
[BlackClock "0:01:13"]

1. e4 e5 2. Nf3 Nc6 3. Bc4 Bc5 4. d3 Nf6 5. O-O O-O 6. Re1 Ng4 7. Re2 Kh8 8. Nc3 a6 9. h3 f5 10. exf5 Nf6 11. Bg5 d6 12. Nh4 Nd4 13. Ne4 Nxe2+ 14. Qxe2 Bb6 15. Nxf6 gxf6 16. Bh6 Re8 17. Qh5 d5 18. Bxd5 Bxf5 19. Nxf5 Qxd5 20. Qg4 1-0

[Event "December 19 Early 2023"]
[Site "https://www.chess.com"]
[Date "2023.12.19"]
[Round "6"]
[White "Manukyan, Sargis A."]
[Black "Zemlyanskii, Ivan"]
[Result "1-0"]
[Board "56"]
[TimeControl "180+1"]
[WhiteFideId "13303970"]
[BlackFideId "24249971"]
[WhiteElo "2186"]
[BlackElo "2418"]
[WhiteTeam "ARM"]
[BlackTeam "RUS"]
[WhiteClock "0:01:10"]
[BlackClock "0:00:06"]

1. d4 d5 2. c4 e6 3. Nc3 c6 4. e3 Nf6 5. Nf3 Nbd7 6. Bd3 dxc4 7. Bxc4 b5 8. Bd3 Bb7 9. e4 b4 10. Na4 c5 11. e5 Nd5 12. O-O h6 13. Re1 Rc8 14. dxc5 Nxc5 15. Bb5+ Bc6 16. Nxc5 Bxc5 17. Ba6 Bxf2+ 18. Kxf2 Qb6+ 19. Be3 Qxa6 20. Bc5 Bb7 21. Qd4 Kd7 22. a3 b3 23. Rac1 Qb5 24. Nd2 Rc6 25. Bd6 Rhc8 26. Rxc6 Rxc6 27. Ne4 Rc2+ 28. Kg3 Rc4 29. Qxa7 Nb6 30. Qxb7+ Kd8 31. Be7+ Ke8 32. Nd6# 1-0

[Event "December 19 Early 2023"]
[Site "https://www.chess.com"]
[Date "2023.12.19"]
[Round "6"]
[White "Antunez Soler, Luis"]
[Black "Sarana, Alexey"]
[Result "0-1"]
[Board "57"]
[TimeControl "180+1"]
[WhiteFideId "3513335"]
[BlackFideId "24133795"]
[WhiteElo "2154"]
[BlackElo "2707"]
[WhiteTeam "CUB"]
[BlackTeam "SRB"]
[WhiteClock "0:00:11"]
[BlackClock "0:01:51"]

1. e4 c5 2. Nf3 d6 3. Bb5+ Bd7 4. Bxd7+ Nxd7 5. O-O e6 6. Qe2 Be7 7. b3 Bf6 8. c3 Ne7 9. d4 Nc6 10. d5 exd5 11. exd5+ Ne7 12. Bf4 O-O 13. Bxd6 Re8 14. Qd3 Rc8 15. Na3 Nb6 16. Bxe7 Rxe7 17. Rad1 c4 18. Nxc4 Nxc4 19. bxc4 Rec7 20. d6 Rd7 21. Rfe1 Rc6 22. Ne5 Rcxd6 23. Nxd7 Rxd3 24. Rxd3 h6 25. Red1 Bg5 26. g3 Qc7 27. h4 Be7 28. Re3 Ba3 29. Re8+ Kh7 30. Rd4 h5 31. Re5 Kh6 32. Rdd5 g6 33. Nf6 Qxc4 34. Rd8 Qxc3 35. Ng8+ Kg7 36. Ree8 Bc5 37. Kg2 Qb2 0-1

[Event "December 19 Early 2023"]
[Site "https://www.chess.com"]
[Date "2023.12.19"]
[Round "6"]
[White "Melian, Juan Sebastian"]
[Black "Muradli, Mahammad"]
[Result "0-1"]
[Board "58"]
[TimeControl "180+1"]
[WhiteFideId "3706575"]
[BlackFideId "13409301"]
[WhiteElo "2098"]
[BlackElo "2551"]
[WhiteTeam "PAR"]
[BlackTeam "AZE"]
[WhiteClock "0:00:05"]
[BlackClock "0:00:04"]

1. d4 b6 2. e4 Bb7 3. Nc3 g6 4. Be3 Bg7 5. Qd2 Nf6 6. f3 d6 7. O-O-O Nbd7 8. Bh6 O-O 9. h4 c5 10. Nge2 cxd4 11. Nxd4 Rc8 12. h5 Bh8 13. hxg6 hxg6 14. Bxf8 Qxf8 15. Kb1 Bg7 16. Be2 a6 17. Qe1 Ne5 18. Qh4 Rxc3 19. bxc3 Qc8 20. Kb2 b5 21. a3 d5 22. Qg3 dxe4 23. fxe4 Nxe4 24. Qe3 Nd6 25. Kb1 Bxg2 26. Rhg1 Be4 27. Rgf1 e6 28. Rf4 Bd5 29. Rdf1 Nec4 30. Bxc4 Qxc4 31. Kc1 Qc5 32. Kd2 Nc4+ 0-1

[Event "December 19 Early 2023"]
[Site "https://www.chess.com"]
[Date "2023.12.19"]
[Round "6"]
[White "Movahed, Sina"]
[Black "Shubenkova, Veronika"]
[Result "1-0"]
[Board "59"]
[TimeControl "180+1"]
[WhiteFideId "42520835"]
[BlackFideId "44124040"]
[WhiteElo "2341"]
[BlackElo "1967"]
[WhiteTeam "IRI"]
[BlackTeam "RUS"]
[WhiteClock "0:01:12"]
[BlackClock "0:00:00"]

1. Nf3 d5 2. c4 c6 3. g3 Nf6 4. Bg2 g6 5. b3 Bg7 6. Bb2 O-O 7. O-O Nbd7 8. d4 Re8 9. Nbd2 Nf8 10. Rc1 Bf5 11. Ne5 N8d7 12. Nef3 Nf8 13. Re1 Ne4 14. Nh4 Qb6 15. Nxf5 gxf5 16. e3 e6 17. Nxe4 fxe4 18. Ba3 Ng6 19. Bd6 Qd8 20. Ba3 Qa5 21. Bc5 Rad8 22. b4 Qc7 23. b5 b6 24. Ba3 cxb5 25. cxd5 Qd7 26. Bxe4 exd5 27. Bg2 Rc8 28. Qh5 b4 29. Bxb4 Qa4 30. Bd6 Qxa2 31. Bxd5 Qb2 32. Bxf7+ Kxf7 33. Rxc8 Rxc8 34. Qf5+ Bf6 35. Qxc8 Qd2 36. Rc1 Ne7 37. Bxe7 Bxe7 38. Qf5+ 1-0